[ AOE2 MATCH · #469405770 ]
UnrankedDravidians vs Ethiopians
[ REPLAY ANALYSIS · EXTRACTED FROM THE RECORDED GAME ]
Feudal
13:12
Castle
16:41
Imperial
41:37
| APM avg | 19.4 |
| APM peak | 44 |
| eAPM avg | 13.0 |
| Villagers / military | 117 / 180 |
Focus
⚔️ 42.3% · 🌾 57.7%
Skirmisher ×104 · Elephant Archer ×67 · Spearman ×8 · Monk ×1
Feudal
10:17
Castle
23:10
Imperial
35:47
| APM avg | 31.0 |
| APM peak | 65 |
| eAPM avg | 14.3 |
| Villagers / military | 122 / 171 |
Focus
⚔️ 32.4% · 🌾 67.6%
Archer ×101 · Skirmisher ×63 · Bombard Cannon ×4 · Mangonel ×3
Feudal
11:37
Castle
28:34
Imperial
52:06
| APM avg | 16.6 |
| APM peak | 38 |
| eAPM avg | 10.8 |
| Villagers / military | 135 / 42 |
Focus
⚔️ 23.0% · 🌾 77.0%
Spearman ×37 · Fishing Ship ×4 · Archer ×2 · Galley ×2 · Fire Galley ×1
Feudal
9:13
Castle
26:39
Imperial
41:26
| APM avg | 43.6 |
| APM peak | 90 |
| eAPM avg | 20.7 |
| Villagers / military | 128 / 233 |
Focus
⚔️ 36.9% · 🌾 63.1%
Camel Scout ×146 · Knight ×59 · Scout Cavalry ×28
Feudal
11:41
Castle
16:08
Imperial
36:24
| APM avg | 30.8 |
| APM peak | 75 |
| eAPM avg | 12.1 |
| Villagers / military | 129 / 171 |
Focus
⚔️ 27.0% · 🌾 73.0%
Knight ×171
Feudal
10:45
Castle
15:08
Imperial
36:44
| APM avg | 35.5 |
| APM peak | 90 |
| eAPM avg | 18.0 |
| Villagers / military | 151 / 144 |
Focus
⚔️ 30.9% · 🌾 69.1%
Spearman ×90 · Skirmisher ×35 · Iron Pagoda ×12 · Bombard Cannon ×5 · Monk ×1 · Trebuchet (Packed) ×1
Feudal
10:10
Castle
16:19
Imperial
—
| APM avg | 24.1 |
| APM peak | 80 |
| eAPM avg | 14.6 |
| Villagers / military | 106 / 10 |
Focus
⚔️ 24.7% · 🌾 75.3%
Mangonel ×7 · Scorpion ×3
Feudal
10:34
Castle
19:11
Imperial
34:04
| APM avg | 43.6 |
| APM peak | 87 |
| eAPM avg | 22.9 |
| Villagers / military | 166 / 230 |
Focus
⚔️ 44.3% · 🌾 55.7%
Archer ×146 · Berserk ×50 · Battering Ram ×8 · Trebuchet (Packed) ×8 · Fishing Ship ×6 · Knight ×5
Match map
Initial resources + every placement click. Lines = walls · curves = elevation contours. ◆ gold · ⬟ stone · ● berries · ✦ relic · ◌ wall gap
Your base· ✓ Map-separated
Gitan's base· ✓ Map-separated
PJtheDcoy's base· ✓ Map-separated
Notevidius's base· ✓ Map-separated
Fr4ggi's base· ✓ Map-separated
Foxkox's base· ✓ Map-separated
[GDL]Cucumber's base· ✓ Map-separated
Quando's base· ✓ Map-separated
Smoothed initial terrain · ◌ = detected wall gap · hover for details
Inputs per minute
— Relief - - Gitan
Build order — Relief
First 150 of 455 actions detected
| 0:01 | Queue | Villager (Male) |
| 0:01 | Queue | Villager (Male) |
| 0:01 | Queue | Villager (Male) |
| 0:04 | Build | House |
| 0:06 | Build | House |
| 0:35 | Queue | Villager (Male) |
| 1:27 | Queue | Villager (Male) |
| 1:46 | Build | Lumber Camp |
| 2:08 | Queue | Villager (Male) |
| 2:23 | Queue | Villager (Male) |
| 2:48 | Queue | Villager (Male) |
| 3:11 | Queue | Villager (Male) |
| 3:34 | Queue | Villager (Male) |
| 3:51 | Queue | Villager (Male) |
| 3:56 | Build | House |
| 4:04 | Build | House |
| 4:20 | Build | Mill |
| 4:44 | Queue | Villager (Male) |
| 4:54 | Build | House |
| 5:11 | Queue | Villager (Male) |
| 5:29 | Queue | Villager (Male) |
| 5:35 | Build | Palisade Wall |
| 5:58 | Queue | Villager (Male) |
| 6:22 | Build | Farm |
| 6:23 | Queue | Villager (Male) |
| 6:41 | Queue | Villager (Male) |
| 6:53 | Build | Palisade Wall |
| 6:55 | Build | Palisade Wall |
| 6:57 | Queue | Villager (Male) |
| 7:17 | Build | Lumber Camp |
| 7:37 | Build | Farm |
| 8:07 | Queue | Villager (Male) |
| 8:08 | Queue | Villager (Male) |
| 8:26 | Build | House |
| 8:42 | Queue | Villager (Male) |
| 8:42 | Queue | Villager (Male) |
| 9:12 | Queue | Villager (Male) |
| 9:12 | Queue | Villager (Male) |
| 9:45 | Research | Loom |
| 9:46 | Research | Feudal Age |
| 10:01 | Build | Mining Camp |
| 10:18 | Build | Palisade Wall |
| 10:38 | Build | Barracks |
| 11:01 | Build | Farm |
| 11:07 | Build | Farm |
| 11:08 | Build | Farm |
| 11:11 | Build | Farm |
| 12:23 | Build | Palisade Wall |
| 12:37 | Queue | Villager (Male) |
| 12:38 | Queue | Villager (Male) |
| 12:59 | Build | Farm |
| 13:12 | Age | Feudal Age |
| 13:17 | Build | Archery Range |
| 13:19 | Build | Blacksmith |
| 13:24 | Queue | Spearman |
| 13:48 | Build | House |
| 14:01 | Research | Castle Age |
| 14:04 | Build | House |
| 14:22 | Research | Double-Bit Axe |
| 14:57 | Build | Palisade Gate |
| 15:01 | Queue | Spearman |
| 15:13 | Research | Horse Collar |
| 15:30 | Build | Farm |
| 15:32 | Build | Farm |
| 15:46 | Build | Palisade Wall |
| 16:06 | Queue | Skirmisher |
| 16:06 | Queue | Skirmisher |
| 16:11 | Queue | Spearman |
| 16:11 | Queue | Spearman |
| 16:25 | Build | Farm |
| 16:29 | Queue | Spearman |
| 16:41 | Age | Castle Age |
| 16:45 | Queue | Villager (Male) |
| 16:53 | Build | Town Center |
| 17:08 | Queue | Elephant Archer |
| 17:10 | Queue | Elephant Archer |
| 17:19 | Build | Farm |
| 17:31 | Build | Town Center |
| 17:38 | Queue | Villager (Male) |
| 17:41 | Queue | Villager (Male) |
| 17:56 | Queue | Elephant Archer |
| 18:07 | Build | House |
| 18:11 | Queue | Villager (Male) |
| 18:12 | Queue | Villager (Male) |
| 18:13 | Queue | Villager (Male) |
| 18:21 | Research | Elite Skirmisher (upgrade) |
| 18:55 | Queue | Elephant Archer |
| 18:55 | Queue | Elephant Archer |
| 19:00 | Queue | Villager (Male) |
| 19:00 | Queue | Villager (Male) |
| 19:05 | Build | House |
| 19:06 | Build | House |
| 19:09 | Queue | Villager (Male) |
| 19:09 | Queue | Villager (Male) |
| 19:58 | Queue | Elephant Archer |
| 20:11 | Build | House |
| 20:12 | Build | House |
| 20:15 | Research | Bow Saw |
| 20:19 | Build | Farm |
| 20:23 | Build | Farm |
| 20:25 | Build | Farm |
| 20:46 | Queue | Villager (Male) |
| 20:46 | Queue | Villager (Male) |
| 20:56 | Build | Farm |
| 21:08 | Queue | Spearman |
| 21:14 | Build | House |
| 21:35 | Queue | Elephant Archer |
| 21:47 | Queue | Spearman |
| 21:48 | Queue | Spearman |
| 21:50 | Queue | Elephant Archer |
| 21:55 | Build | House |
| 21:56 | Queue | Villager (Male) |
| 21:56 | Queue | Villager (Male) |
| 22:15 | Build | Farm |
| 22:24 | Build | Farm |
| 22:55 | Queue | Villager (Male) |
| 22:57 | Research | Fletching |
| 23:04 | Build | House |
| 23:06 | Build | House |
| 23:08 | Build | House |
| 23:09 | Queue | Villager (Male) |
| 23:17 | Queue | Elephant Archer |
| 23:23 | Build | Archery Range |
| 23:27 | Queue | Villager (Male) |
| 23:27 | Queue | Villager (Male) |
| 23:28 | Queue | Villager (Male) |
| 23:28 | Queue | Villager (Male) |
| 23:38 | Build | Farm |
| 23:41 | Build | Farm |
| 23:47 | Build | Farm |
| 23:51 | Build | Farm |
| 24:00 | Build | Farm |
| 24:01 | Queue | Villager (Male) |
| 24:01 | Queue | Villager (Male) |
| 24:01 | Queue | Villager (Male) |
| 24:04 | Queue | Villager (Male) |
| 24:25 | Queue | Elephant Archer |
| 24:39 | Build | Farm |
| 24:42 | Build | Farm |
| 24:43 | Queue | Villager (Male) |
| 24:44 | Queue | Villager (Male) |
| 24:45 | Queue | Villager (Male) |
| 24:50 | Build | House |
| 24:51 | Build | House |
| 24:56 | Build | Farm |
| 25:00 | Build | Farm |
| 25:03 | Queue | Villager (Male) |
| 25:03 | Queue | Villager (Male) |
| 25:07 | Queue | Elephant Archer |
| 25:07 | Queue | Elephant Archer |
Build order — Gitan
First 150 of 363 actions detected
| 0:01 | Queue | Villager (Male) |
| 0:01 | Queue | Villager (Male) |
| 0:02 | Queue | Villager (Male) |
| 0:03 | Build | House |
| 0:04 | Build | House |
| 0:07 | Queue | Villager (Male) |
| 0:07 | Queue | Villager (Male) |
| 1:30 | Queue | Villager (Male) |
| 1:31 | Queue | Villager (Male) |
| 2:07 | Queue | Villager (Male) |
| 2:08 | Queue | Villager (Male) |
| 2:09 | Build | Lumber Camp |
| 2:18 | Queue | Villager (Male) |
| 2:53 | Queue | Villager (Male) |
| 3:06 | Queue | Villager (Male) |
| 3:50 | Queue | Villager (Male) |
| 3:50 | Queue | Villager (Male) |
| 3:51 | Queue | Villager (Male) |
| 3:54 | Build | House |
| 3:55 | Build | House |
| 4:24 | Build | Mill |
| 4:41 | Queue | Villager (Male) |
| 5:02 | Queue | Villager (Male) |
| 5:29 | Queue | Villager (Male) |
| 5:56 | Queue | Villager (Male) |
| 5:56 | Queue | Villager (Male) |
| 5:56 | Queue | Villager (Male) |
| 6:57 | Queue | Villager (Male) |
| 7:04 | Research | Loom |
| 8:07 | Research | Feudal Age |
| 8:17 | Build | Mining Camp |
| 8:57 | Queue | Villager (Male) |
| 8:58 | Queue | Villager (Male) |
| 9:15 | Build | Barracks |
| 9:53 | Build | House |
| 9:58 | Build | Palisade Wall |
| 9:58 | Build | Palisade Wall |
| 10:00 | Build | Palisade Wall |
| 10:17 | Age | Feudal Age |
| 10:22 | Build | Archery Range |
| 10:29 | Build | Blacksmith |
| 10:50 | Queue | Villager (Male) |
| 10:51 | Queue | Villager (Male) |
| 10:59 | Build | Archery Range |
| 11:26 | Queue | Archer |
| 11:26 | Queue | Archer |
| 11:52 | Research | Fletching |
| 11:55 | Queue | Archer |
| 11:55 | Queue | Archer |
| 12:08 | Research | Double-Bit Axe |
| 12:25 | Queue | Archer |
| 12:29 | Build | House |
| 12:35 | Build | House |
| 12:36 | Build | Palisade Wall |
| 12:48 | Queue | Villager (Male) |
| 12:49 | Queue | Villager (Male) |
| 12:56 | Queue | Archer |
| 12:57 | Queue | Archer |
| 13:27 | Queue | Archer |
| 13:27 | Queue | Archer |
| 13:29 | Queue | Villager (Male) |
| 13:32 | Build | Farm |
| 13:32 | Build | Farm |
| 13:33 | Build | Farm |
| 13:36 | Build | Farm |
| 14:07 | Queue | Archer |
| 14:08 | Queue | Archer |
| 14:11 | Queue | Villager (Male) |
| 14:11 | Queue | Villager (Male) |
| 14:17 | Build | House |
| 14:17 | Build | House |
| 15:15 | Queue | Archer |
| 15:15 | Queue | Archer |
| 15:16 | Queue | Villager (Male) |
| 15:16 | Queue | Villager (Male) |
| 15:20 | Build | Farm |
| 15:21 | Build | Farm |
| 15:21 | Build | Farm |
| 15:48 | Queue | Archer |
| 15:48 | Queue | Archer |
| 15:49 | Queue | Villager (Male) |
| 15:49 | Queue | Villager (Male) |
| 16:30 | Queue | Archer |
| 16:30 | Queue | Archer |
| 16:30 | Queue | Archer |
| 16:32 | Queue | Villager (Male) |
| 16:32 | Queue | Villager (Male) |
| 17:14 | Build | House |
| 17:15 | Build | House |
| 17:16 | Build | House |
| 17:29 | Queue | Archer |
| 17:30 | Queue | Archer |
| 17:30 | Queue | Archer |
| 17:43 | Build | Market |
| 17:53 | Queue | Villager (Male) |
| 17:55 | Build | Farm |
| 17:57 | Build | Farm |
| 18:00 | Build | Farm |
| 18:06 | Build | Farm |
| 18:08 | Build | Farm |
| 18:20 | Queue | Archer |
| 18:20 | Queue | Archer |
| 18:21 | Queue | Villager (Male) |
| 18:21 | Queue | Villager (Male) |
| 19:00 | Build | Farm |
| 19:00 | Build | Farm |
| 19:00 | Build | Farm |
| 19:00 | Build | Farm |
| 19:13 | Queue | Archer |
| 19:14 | Queue | Archer |
| 19:14 | Queue | Villager (Male) |
| 19:15 | Queue | Villager (Male) |
| 20:01 | Queue | Villager (Male) |
| 20:04 | Build | Farm |
| 20:04 | Build | Farm |
| 20:05 | Build | Farm |
| 20:27 | Research | Castle Age |
| 21:03 | Build | Gate |
| 21:37 | Queue | Archer |
| 21:37 | Queue | Archer |
| 21:37 | Queue | Archer |
| 21:38 | Queue | Archer |
| 21:38 | Queue | Archer |
| 21:38 | Queue | Archer |
| 21:39 | Queue | Archer |
| 21:46 | Research | Gold Mining |
| 21:54 | Build | House |
| 21:56 | Build | House |
| 21:58 | Build | House |
| 22:07 | Build | Farm |
| 22:09 | Build | Farm |
| 22:22 | Research | Padded Archer Armor |
| 22:26 | Queue | Archer |
| 22:26 | Queue | Archer |
| 22:26 | Queue | Archer |
| 22:49 | Build | Stone Wall |
| 23:10 | Age | Castle Age |
| 23:13 | Research | Bodkin Arrow |
| 23:15 | Research | Crossbowman (upgrade) |
| 23:16 | Research | Thumb Ring |
| 23:28 | Queue | Villager (Male) |
| 23:28 | Queue | Villager (Male) |
| 23:35 | Build | Mining Camp |
| 23:43 | Queue | Villager (Male) |
| 23:43 | Queue | Villager (Male) |
| 24:14 | Build | University |
| 24:36 | Build | Stone Wall |
| 24:40 | Build | Gate |
| 24:42 | Build | Stone Wall |
| 25:04 | Queue | Archer |
Build order — PJtheDcoy
First 150 of 260 actions detected
| 0:01 | Queue | Villager (Male) |
| 0:01 | Queue | Villager (Male) |
| 0:02 | Queue | Villager (Male) |
| 0:02 | Queue | Villager (Male) |
| 0:03 | Build | House |
| 0:05 | Build | House |
| 1:26 | Queue | Villager (Male) |
| 1:45 | Build | Lumber Camp |
| 2:00 | Queue | Villager (Male) |
| 2:16 | Queue | Villager (Male) |
| 2:57 | Queue | Villager (Male) |
| 3:11 | Queue | Villager (Male) |
| 3:50 | Queue | Villager (Male) |
| 3:57 | Build | House |
| 4:02 | Build | House |
| 4:07 | Queue | Villager (Male) |
| 4:43 | Queue | Villager (Male) |
| 4:44 | Queue | Villager (Male) |
| 5:41 | Queue | Villager (Male) |
| 5:42 | Queue | Villager (Male) |
| 5:42 | Queue | Villager (Male) |
| 5:42 | Queue | Villager (Male) |
| 5:48 | Build | Mill |
| 7:19 | Queue | Villager (Male) |
| 7:20 | Queue | Villager (Male) |
| 7:25 | Build | Mining Camp |
| 7:47 | Build | Dock |
| 8:09 | Queue | Villager (Male) |
| 8:09 | Queue | Villager (Male) |
| 8:10 | Research | Loom |
| 8:27 | Queue | Fishing Ship |
| 8:28 | Queue | Fishing Ship |
| 9:02 | Research | Feudal Age |
| 9:18 | Queue | Fishing Ship |
| 9:47 | Build | Palisade Gate |
| 9:54 | Build | Palisade Wall |
| 10:11 | Queue | Fishing Ship |
| 10:55 | Queue | Villager (Male) |
| 10:56 | Queue | Villager (Male) |
| 11:04 | Build | House |
| 11:08 | Build | Farm |
| 11:08 | Build | Farm |
| 11:09 | Build | Farm |
| 11:10 | Build | Farm |
| 11:37 | Age | Feudal Age |
| 11:54 | Research | Double-Bit Axe |
| 11:55 | Research | Horse Collar |
| 12:00 | Build | Barracks |
| 12:14 | Build | Lumber Camp |
| 12:19 | Queue | Villager (Male) |
| 12:20 | Queue | Villager (Male) |
| 12:51 | Queue | Fire Galley |
| 12:52 | Queue | Galley |
| 12:56 | Queue | Villager (Male) |
| 12:56 | Queue | Villager (Male) |
| 13:10 | Research | Wheelbarrow |
| 13:15 | Build | House |
| 13:21 | Build | House |
| 13:47 | Build | Archery Range |
| 13:48 | Queue | Spearman |
| 13:48 | Queue | Spearman |
| 13:57 | Build | Palisade Wall |
| 14:02 | Build | Palisade Wall |
| 14:06 | Build | House |
| 14:07 | Build | Palisade Wall |
| 14:28 | Build | Farm |
| 14:30 | Build | Farm |
| 15:04 | Queue | Spearman |
| 15:04 | Queue | Spearman |
| 15:06 | Build | Farm |
| 15:16 | Build | Palisade Wall |
| 15:16 | Build | Palisade Wall |
| 15:18 | Build | Palisade Wall |
| 15:19 | Build | Palisade Wall |
| 16:55 | Queue | Villager (Male) |
| 16:56 | Queue | Villager (Male) |
| 17:32 | Build | Farm |
| 17:42 | Queue | Galley |
| 20:51 | Build | Lumber Camp |
| 21:10 | Queue | Villager (Male) |
| 21:11 | Queue | Villager (Male) |
| 21:11 | Queue | Villager (Male) |
| 21:11 | Queue | Villager (Male) |
| 22:08 | Queue | Villager (Male) |
| 22:08 | Queue | Villager (Male) |
| 22:20 | Queue | Spearman |
| 22:21 | Queue | Spearman |
| 22:25 | Queue | Archer |
| 22:25 | Queue | Archer |
| 23:40 | Build | Blacksmith |
| 24:16 | Build | Farm |
| 24:51 | Build | Blacksmith |
| 24:56 | Queue | Villager (Male) |
| 24:56 | Queue | Villager (Male) |
| 24:57 | Queue | Villager (Male) |
| 25:23 | Build | Mining Camp |
| 25:28 | Research | Castle Age |
| 25:51 | Build | House |
| 27:48 | Build | Mining Camp |
| 28:30 | Build | Barracks |
| 28:31 | Build | Barracks |
| 28:33 | Build | Barracks |
| 28:33 | Build | Barracks |
| 28:34 | Age | Castle Age |
| 28:43 | Queue | Villager (Male) |
| 28:43 | Queue | Villager (Male) |
| 28:44 | Queue | Villager (Male) |
| 28:58 | Build | Town Center |
| 29:01 | Build | House |
| 29:02 | Build | House |
| 29:03 | Build | House |
| 29:05 | Build | House |
| 29:32 | Research | Squires |
| 29:53 | Build | Town Center |
| 30:26 | Build | Mining Camp |
| 31:10 | Queue | Spearman ×5 |
| 31:11 | Queue | Spearman ×5 |
| 31:13 | Queue | Spearman ×5 |
| 32:08 | Research | Pikeman (upgrade) |
| 32:47 | Build | Stone Wall |
| 32:48 | Build | Stone Wall |
| 32:51 | Build | Stone Wall |
| 32:53 | Build | Stone Wall |
| 33:52 | Build | Town Center |
| 34:00 | Build | Town Center |
| 34:02 | Queue | Villager (Male) ×2 |
| 34:09 | Build | Farm |
| 34:10 | Build | Farm |
| 35:02 | Queue | Villager (Male) |
| 36:08 | Build | Farm |
| 36:09 | Build | Farm |
| 36:09 | Build | Farm |
| 36:09 | Build | Farm |
| 36:09 | Build | Farm |
| 36:11 | Build | Farm |
| 36:11 | Build | Farm |
| 36:14 | Build | Farm |
| 36:14 | Build | Farm |
| 36:14 | Build | Farm |
| 36:18 | Queue | Villager (Male) |
| 36:35 | Build | Farm |
| 36:35 | Build | Farm |
| 37:23 | Queue | Villager (Male) |
| 37:26 | Queue | Villager (Male) |
| 37:42 | Queue | Villager (Male) |
| 37:50 | Queue | Villager (Male) |
| 38:02 | Queue | Villager (Male) |
| 38:33 | Queue | Villager (Male) |
| 38:40 | Queue | Villager (Male) |
| 38:50 | Queue | Villager (Male) |
Build order — Notevidius
First 150 of 539 actions detected
| 0:00 | Queue | Villager (Male) |
| 0:01 | Queue | Villager (Male) |
| 0:02 | Build | House |
| 0:03 | Build | House |
| 0:21 | Queue | Villager (Male) |
| 0:21 | Queue | Villager (Male) |
| 0:25 | Queue | Villager (Male) |
| 0:25 | Queue | Villager (Male) |
| 1:22 | Queue | Villager (Male) |
| 1:46 | Build | Lumber Camp |
| 2:06 | Queue | Villager (Male) |
| 2:54 | Queue | Villager (Male) |
| 3:08 | Queue | Villager (Male) |
| 3:29 | Build | House |
| 3:38 | Queue | Villager (Male) |
| 3:55 | Queue | Villager (Male) |
| 3:58 | Build | Mill |
| 4:26 | Queue | Villager (Male) |
| 4:26 | Queue | Villager (Male) |
| 4:47 | Queue | Villager (Male) |
| 4:47 | Queue | Villager (Male) |
| 4:55 | Build | House |
| 5:37 | Queue | Villager (Male) |
| 6:15 | Queue | Villager (Male) |
| 7:09 | Research | Feudal Age |
| 8:06 | Research | Loom |
| 8:07 | Queue | Villager (Male) |
| 8:07 | Queue | Villager (Male) |
| 8:47 | Build | Barracks |
| 8:52 | Queue | Villager (Male) |
| 9:00 | Build | House |
| 9:13 | Age | Feudal Age |
| 9:23 | Queue | Villager (Male) |
| 9:48 | Build | Stone Wall |
| 9:57 | Build | Stable |
| 10:03 | Queue | Villager (Male) |
| 10:22 | Build | House |
| 10:27 | Queue | Villager (Male) |
| 10:37 | Queue | Scout Cavalry |
| 10:38 | Queue | Scout Cavalry |
| 11:08 | Research | Double-Bit Axe |
| 11:10 | Queue | Scout Cavalry |
| 11:18 | Build | House |
| 11:34 | Queue | Villager (Male) |
| 11:35 | Queue | Scout Cavalry |
| 11:53 | Queue | Villager (Male) |
| 12:06 | Build | Stone Wall |
| 12:14 | Queue | Scout Cavalry |
| 12:16 | Build | Farm |
| 12:17 | Build | Farm |
| 12:43 | Build | Mill |
| 12:49 | Build | House |
| 12:50 | Queue | Villager (Male) |
| 12:57 | Queue | Scout Cavalry |
| 13:01 | Build | Stable |
| 13:13 | Queue | Scout Cavalry |
| 13:14 | Queue | Villager (Male) |
| 13:26 | Build | Mining Camp |
| 13:29 | Queue | Villager (Male) |
| 14:09 | Queue | Villager (Male) |
| 14:11 | Build | Farm |
| 14:12 | Build | Farm |
| 14:14 | Build | Farm |
| 14:15 | Build | Farm |
| 14:19 | Queue | Villager (Male) |
| 14:20 | Queue | Scout Cavalry |
| 14:43 | Queue | Scout Cavalry |
| 14:57 | Queue | Villager (Male) |
| 14:58 | Queue | Scout Cavalry |
| 15:07 | Queue | Villager (Male) |
| 15:23 | Queue | Scout Cavalry |
| 15:24 | Queue | Villager (Male) |
| 15:32 | Queue | Villager (Male) |
| 15:44 | Queue | Villager (Male) |
| 15:47 | Queue | Scout Cavalry |
| 15:49 | Build | House |
| 15:52 | Build | Lumber Camp |
| 15:54 | Build | House |
| 16:24 | Queue | Scout Cavalry |
| 16:45 | Queue | Villager (Male) |
| 16:45 | Queue | Villager (Male) |
| 17:00 | Build | Farm |
| 17:01 | Build | Farm |
| 17:01 | Build | Farm |
| 17:01 | Build | Farm |
| 17:01 | Build | Farm |
| 17:04 | Build | Farm |
| 17:05 | Build | Farm |
| 17:05 | Build | Farm |
| 17:05 | Build | Farm |
| 17:05 | Build | Farm |
| 17:13 | Queue | Villager (Male) |
| 17:30 | Queue | Villager (Male) |
| 17:36 | Build | House |
| 17:56 | Queue | Villager (Male) |
| 18:03 | Build | Farm |
| 18:03 | Build | Farm |
| 18:04 | Build | Farm |
| 18:04 | Build | Farm |
| 18:04 | Build | Farm |
| 18:04 | Build | Farm |
| 18:11 | Build | Farm |
| 18:12 | Build | Farm |
| 18:18 | Research | Horse Collar |
| 18:20 | Build | Farm |
| 18:21 | Build | Farm |
| 18:23 | Queue | Villager (Male) |
| 18:51 | Queue | Scout Cavalry |
| 18:58 | Queue | Villager (Male) |
| 19:05 | Build | Farm |
| 19:05 | Build | Farm |
| 19:08 | Build | House |
| 19:10 | Queue | Scout Cavalry |
| 19:11 | Queue | Scout Cavalry |
| 19:32 | Queue | Villager (Male) |
| 19:32 | Queue | Villager (Male) |
| 19:42 | Build | Blacksmith |
| 19:55 | Queue | Scout Cavalry |
| 19:55 | Queue | Scout Cavalry |
| 20:14 | Queue | Villager (Male) |
| 20:23 | Build | Farm |
| 20:29 | Build | Farm |
| 20:29 | Build | Farm |
| 20:30 | Build | Farm |
| 20:30 | Build | Farm |
| 20:30 | Build | Farm |
| 20:41 | Queue | Villager (Male) |
| 20:42 | Queue | Scout Cavalry |
| 20:42 | Queue | Scout Cavalry |
| 21:01 | Queue | Villager (Male) |
| 21:28 | Queue | Scout Cavalry |
| 21:28 | Queue | Scout Cavalry |
| 21:30 | Queue | Villager (Male) |
| 21:40 | Build | Farm |
| 21:43 | Build | Farm |
| 21:46 | Queue | Villager (Male) |
| 21:51 | Build | Market |
| 21:58 | Queue | Scout Cavalry |
| 22:31 | Research | Forging |
| 22:32 | Queue | Villager (Male) |
| 22:33 | Queue | Villager (Male) |
| 22:45 | Queue | Scout Cavalry |
| 22:46 | Research | Bloodlines |
| 22:54 | Queue | Villager (Male) |
| 23:02 | Build | Farm |
| 23:02 | Build | Farm |
| 23:05 | Queue | Villager (Male) |
| 23:08 | Build | Farm |
| 23:09 | Build | Farm |
| 23:21 | Build | House |
Build order — Fr4ggi
First 150 of 371 actions detected
| 0:04 | Build | House |
| 0:08 | Build | House |
| 0:09 | Queue | Villager (Male) |
| 0:09 | Queue | Villager (Male) |
| 0:38 | Queue | Villager (Male) |
| 0:54 | Queue | Villager (Male) |
| 0:55 | Queue | Villager (Male) |
| 1:39 | Queue | Villager (Male) |
| 1:50 | Build | Lumber Camp |
| 2:10 | Queue | Villager (Male) |
| 2:28 | Queue | Villager (Male) |
| 3:05 | Queue | Villager (Male) |
| 3:33 | Queue | Villager (Male) |
| 3:58 | Queue | Villager (Male) |
| 4:16 | Build | House |
| 4:39 | Build | Mill |
| 4:47 | Queue | Villager (Male) |
| 4:48 | Queue | Villager (Male) |
| 5:17 | Queue | Villager (Male) |
| 5:17 | Queue | Villager (Male) |
| 5:33 | Build | House |
| 5:52 | Queue | Villager (Male) |
| 5:57 | Queue | Villager (Male) |
| 6:20 | Build | Farm |
| 6:21 | Queue | Villager (Male) |
| 6:49 | Queue | Villager (Male) |
| 6:49 | Queue | Villager (Male) |
| 7:32 | Build | House |
| 8:11 | Build | Farm |
| 8:13 | Queue | Villager (Male) |
| 8:34 | Queue | Villager (Male) |
| 8:44 | Build | Mining Camp |
| 9:21 | Build | Farm |
| 9:27 | Build | Farm |
| 9:34 | Queue | Villager (Male) |
| 9:36 | Research | Feudal Age |
| 10:11 | Queue | Villager (Male) |
| 10:50 | Build | Barracks |
| 11:41 | Age | Feudal Age |
| 11:46 | Queue | Villager (Male) |
| 11:53 | Build | Stable |
| 12:19 | Build | House |
| 12:34 | Queue | Villager (Male) |
| 12:45 | Build | Blacksmith |
| 12:49 | Queue | Villager (Male) |
| 13:01 | Queue | Villager (Male) |
| 13:26 | Build | Farm |
| 13:42 | Research | Castle Age |
| 13:47 | Build | Farm |
| 13:59 | Build | Farm |
| 14:01 | Queue | Villager (Male) |
| 14:32 | Build | House |
| 15:15 | Build | Farm |
| 15:15 | Build | Farm |
| 15:16 | Build | Farm |
| 15:16 | Build | Farm |
| 15:18 | Queue | Villager (Male) |
| 15:29 | Research | Wheelbarrow |
| 16:03 | Research | Double-Bit Axe |
| 16:08 | Age | Castle Age |
| 16:27 | Build | Town Center |
| 16:33 | Queue | Knight |
| 16:33 | Queue | Knight |
| 16:40 | Build | Farm |
| 16:46 | Queue | Villager (Male) |
| 17:19 | Research | Bloodlines |
| 17:25 | Research | Scale Barding Armor |
| 17:27 | Research | Forging |
| 17:32 | Queue | Villager (Male) |
| 17:50 | Build | Farm |
| 18:17 | Queue | Villager (Male) |
| 18:17 | Queue | Villager (Male) |
| 18:23 | Queue | Villager (Male) |
| 18:29 | Queue | Knight |
| 18:38 | Queue | Villager (Male) |
| 18:48 | Build | Farm |
| 18:55 | Build | Farm |
| 18:57 | Queue | Villager (Male) |
| 19:11 | Build | Farm |
| 19:14 | Queue | Villager (Male) |
| 19:16 | Build | Farm |
| 19:18 | Queue | Villager (Male) |
| 19:24 | Research | Bow Saw |
| 19:29 | Queue | Knight |
| 19:45 | Build | House |
| 19:47 | Build | House |
| 19:47 | Build | House |
| 19:48 | Build | House |
| 19:52 | Research | Horse Collar |
| 19:55 | Queue | Villager (Male) |
| 20:07 | Queue | Knight |
| 20:23 | Build | Farm |
| 20:24 | Queue | Villager (Male) |
| 20:27 | Queue | Villager (Male) |
| 21:04 | Build | Farm |
| 21:06 | Queue | Villager (Male) |
| 21:12 | Queue | Villager (Male) |
| 21:19 | Build | Farm |
| 21:23 | Build | Farm |
| 21:25 | Queue | Villager (Male) |
| 21:27 | Queue | Villager (Male) |
| 21:35 | Research | Chain Barding Armor |
| 21:38 | Build | Farm |
| 21:45 | Build | House |
| 22:19 | Build | Stable |
| 22:31 | Build | Farm |
| 22:33 | Queue | Villager (Male) |
| 22:33 | Queue | Villager (Male) |
| 22:37 | Research | Hand Cart |
| 22:47 | Build | House |
| 23:13 | Build | Farm |
| 23:14 | Queue | Villager (Male) |
| 23:17 | Research | Iron Casting |
| 23:24 | Queue | Knight |
| 23:28 | Queue | Villager (Male) |
| 23:30 | Build | Farm |
| 23:40 | Build | Farm |
| 24:00 | Build | Farm |
| 24:02 | Queue | Villager (Male) |
| 24:03 | Queue | Villager (Male) |
| 24:04 | Queue | Villager (Male) |
| 24:18 | Build | Town Center |
| 24:34 | Build | Stable |
| 24:38 | Research | Gold Mining |
| 25:08 | Research | Husbandry |
| 25:11 | Queue | Knight |
| 25:16 | Build | Mining Camp |
| 25:19 | Queue | Villager (Male) |
| 25:19 | Queue | Villager (Male) |
| 25:20 | Queue | Villager (Male) |
| 25:20 | Queue | Villager (Male) |
| 25:48 | Queue | Knight |
| 25:48 | Queue | Knight |
| 25:48 | Queue | Knight |
| 26:09 | Build | Farm |
| 26:14 | Build | House |
| 26:16 | Build | House |
| 26:17 | Queue | Villager (Male) |
| 26:17 | Queue | Villager (Male) |
| 26:18 | Queue | Villager (Male) |
| 26:31 | Build | Stable |
| 26:34 | Queue | Villager (Male) |
| 26:34 | Queue | Villager (Male) |
| 26:34 | Queue | Villager (Male) |
| 26:35 | Queue | Villager (Male) |
| 26:36 | Queue | Villager (Male) |
| 26:36 | Queue | Villager (Male) |
| 26:43 | Research | Stone Mining |
| 26:45 | Queue | Villager (Male) |
| 26:45 | Queue | Villager (Male) |
Build order — Foxkox
First 150 of 339 actions detected
| 0:02 | Queue | Villager (Male) ×4 |
| 0:05 | Build | House |
| 0:06 | Build | House |
| 1:37 | Queue | Villager (Male) |
| 1:58 | Build | Lumber Camp |
| 2:01 | Queue | Villager (Male) |
| 2:25 | Queue | Villager (Male) |
| 2:58 | Queue | Villager (Male) |
| 2:58 | Queue | Villager (Male) |
| 3:23 | Queue | Villager (Male) |
| 3:23 | Queue | Villager (Male) |
| 3:54 | Build | House |
| 4:01 | Queue | Villager (Male) |
| 4:03 | Build | House |
| 4:27 | Queue | Villager (Male) |
| 4:49 | Build | Palisade Wall |
| 4:51 | Build | Palisade Wall |
| 4:52 | Build | Palisade Wall |
| 4:53 | Build | Palisade Wall |
| 4:54 | Build | Palisade Wall |
| 4:55 | Build | Palisade Wall |
| 5:02 | Queue | Villager (Male) |
| 5:19 | Build | House |
| 5:29 | Queue | Villager (Male) |
| 5:30 | Queue | Villager (Male) |
| 5:30 | Queue | Villager (Male) |
| 5:38 | Queue | Villager (Male) |
| 6:10 | Build | Mill |
| 6:45 | Queue | Villager (Male) |
| 6:53 | Build | House |
| 7:07 | Build | Lumber Camp |
| 7:30 | Queue | Villager (Male) |
| 7:47 | Build | Mining Camp |
| 7:56 | Queue | Villager (Male) |
| 8:35 | Research | Feudal Age |
| 9:08 | Build | Barracks |
| 9:51 | Queue | Villager (Male) |
| 10:01 | Build | House |
| 10:25 | Queue | Villager (Male) |
| 10:45 | Age | Feudal Age |
| 11:09 | Build | Market |
| 11:13 | Build | Blacksmith |
| 11:28 | Queue | Villager (Male) |
| 11:40 | Queue | Villager (Male) |
| 12:28 | Research | Castle Age |
| 12:40 | Build | Mining Camp |
| 13:30 | Build | Stone Wall |
| 13:31 | Build | Stone Wall |
| 13:34 | Build | Stone Wall |
| 13:34 | Build | Stone Wall |
| 13:35 | Build | Stone Wall |
| 13:35 | Build | Stone Wall |
| 13:37 | Build | Stone Wall |
| 13:38 | Build | Stone Wall |
| 13:40 | Build | Stone Wall |
| 13:40 | Build | Stone Wall |
| 13:41 | Build | Stone Wall |
| 13:42 | Build | Stone Wall |
| 13:43 | Build | Stone Wall |
| 13:51 | Research | Double-Bit Axe |
| 13:53 | Build | Farm |
| 13:55 | Research | Horse Collar |
| 13:59 | Build | Lumber Camp |
| 14:03 | Build | Farm |
| 14:04 | Build | Farm |
| 14:15 | Build | Farm |
| 14:17 | Queue | Villager (Male) |
| 15:08 | Age | Castle Age |
| 15:24 | Queue | Villager (Male) |
| 15:32 | Build | Town Center |
| 15:45 | Build | Farm |
| 15:46 | Build | Farm |
| 15:48 | Queue | Villager (Male) |
| 16:17 | Build | Town Center |
| 16:23 | Queue | Villager (Male) |
| 16:28 | Build | Farm |
| 16:39 | Queue | Villager (Male) |
| 16:48 | Build | House |
| 16:53 | Build | House |
| 17:09 | Build | Farm |
| 17:11 | Queue | Villager (Male) |
| 17:24 | Research | Loom |
| 17:42 | Build | Watch Tower |
| 17:48 | Build | Farm |
| 17:50 | Queue | Villager (Male) |
| 17:59 | Queue | Villager (Male) |
| 18:06 | Queue | Villager (Male) |
| 18:11 | Build | Farm |
| 18:23 | Build | Farm |
| 18:25 | Build | Farm |
| 18:27 | Build | Farm |
| 18:31 | Build | Farm |
| 18:54 | Build | Watch Tower |
| 18:57 | Queue | Villager (Male) |
| 19:01 | Queue | Villager (Male) |
| 19:08 | Build | Farm |
| 19:16 | Queue | Villager (Male) |
| 19:19 | Queue | Villager (Male) |
| 19:38 | Queue | Villager (Male) |
| 19:39 | Queue | Villager (Male) |
| 19:43 | Build | Farm |
| 19:56 | Queue | Villager (Male) |
| 19:56 | Queue | Villager (Male) |
| 20:23 | Queue | Villager (Male) |
| 20:23 | Queue | Villager (Male) |
| 20:31 | Build | House |
| 20:32 | Build | House |
| 20:35 | Queue | Villager (Male) |
| 20:35 | Queue | Villager (Male) |
| 20:47 | Build | Town Center |
| 20:53 | Queue | Villager (Male) |
| 20:53 | Queue | Villager (Male) |
| 21:08 | Queue | Villager (Male) |
| 21:25 | Build | Siege Workshop |
| 21:40 | Queue | Villager (Male) |
| 21:41 | Queue | Villager (Male) |
| 21:47 | Queue | Spearman |
| 21:48 | Queue | Villager (Male) |
| 22:14 | Build | House |
| 22:16 | Build | House |
| 22:19 | Research | Wheelbarrow |
| 22:20 | Queue | Villager (Male) |
| 22:23 | Build | Farm |
| 22:24 | Build | Farm |
| 22:25 | Build | Farm |
| 22:34 | Queue | Villager (Male) ×2 |
| 23:13 | Build | University |
| 23:21 | Research | Fletching |
| 23:28 | Build | Watch Tower |
| 23:37 | Queue | Iron Pagoda |
| 23:42 | Queue | Villager (Male) ×4 |
| 23:54 | Queue | Villager (Male) ×3 |
| 24:02 | Research | Ballistics |
| 24:11 | Build | Watch Tower |
| 24:28 | Queue | Villager (Male) ×5 |
| 24:32 | Build | Mining Camp |
| 24:34 | Build | Farm |
| 24:47 | Queue | Iron Pagoda |
| 25:11 | Queue | Villager (Male) ×5 |
| 25:27 | Build | Barracks |
| 25:28 | Build | Barracks |
| 25:34 | Queue | Villager (Male) ×3 |
| 25:52 | Queue | Villager (Male) ×3 |
| 26:12 | Build | Farm |
| 26:14 | Build | Farm |
| 26:17 | Build | House |
| 26:18 | Build | House |
| 26:19 | Build | House |
| 26:20 | Build | House |
| 26:20 | Build | House |
Build order — [GDL]Cucumber
First 150 of 209 actions detected
| 0:01 | Queue | Villager (Male) |
| 0:01 | Queue | Villager (Male) |
| 0:01 | Queue | Villager (Male) |
| 0:02 | Queue | Villager (Male) |
| 0:02 | Queue | Villager (Male) |
| 0:03 | Build | House |
| 0:04 | Build | House |
| 1:01 | Queue | Villager (Male) |
| 1:01 | Queue | Villager (Male) |
| 1:28 | Queue | Villager (Male) |
| 2:02 | Queue | Villager (Male) |
| 2:02 | Queue | Villager (Male) |
| 2:05 | Build | Lumber Camp |
| 2:20 | Queue | Villager (Male) |
| 2:53 | Queue | Villager (Male) |
| 3:09 | Queue | Villager (Male) |
| 3:42 | Queue | Villager (Male) |
| 3:42 | Queue | Villager (Male) |
| 4:12 | Queue | Villager (Male) |
| 4:28 | Build | House |
| 4:38 | Queue | Villager (Male) |
| 5:10 | Queue | Villager (Male) |
| 5:35 | Queue | Villager (Male) |
| 5:40 | Build | Palisade Wall |
| 5:45 | Queue | Villager (Male) |
| 5:45 | Queue | Villager (Male) |
| 6:08 | Queue | Villager (Male) |
| 6:08 | Queue | Villager (Male) |
| 6:41 | Build | Mill |
| 6:55 | Research | Loom |
| 7:08 | Build | House |
| 7:28 | Build | Palisade Wall |
| 7:29 | Build | Palisade Wall |
| 7:35 | Queue | Villager (Male) |
| 7:48 | Research | Feudal Age |
| 8:02 | Queue | Villager (Male) |
| 8:33 | Build | Mill |
| 8:52 | Build | Mining Camp |
| 9:03 | Build | Farm |
| 9:57 | Queue | Villager (Male) |
| 9:57 | Queue | Villager (Male) |
| 9:58 | Queue | Villager (Male) |
| 10:10 | Age | Feudal Age |
| 10:13 | Research | Double-Bit Axe |
| 10:33 | Queue | Villager (Male) |
| 10:45 | Queue | Villager (Male) |
| 11:26 | Build | House |
| 12:08 | Queue | Villager (Male) |
| 12:14 | Build | Blacksmith |
| 12:22 | Build | Market |
| 12:26 | Queue | Villager (Male) |
| 13:07 | Build | House |
| 13:36 | Queue | Villager (Male) |
| 13:38 | Research | Castle Age |
| 13:49 | Build | Farm |
| 13:54 | Queue | Villager (Male) |
| 14:03 | Research | Scale Barding Armor |
| 14:51 | Build | Mining Camp |
| 14:56 | Research | Stone Mining |
| 15:06 | Build | Farm |
| 15:08 | Build | Farm |
| 15:12 | Build | Farm |
| 15:17 | Build | Farm |
| 15:47 | Build | Palisade Gate |
| 16:11 | Build | Lumber Camp |
| 16:19 | Age | Castle Age |
| 16:28 | Build | Siege Workshop |
| 16:47 | Queue | Villager (Male) |
| 16:47 | Queue | Villager (Male) |
| 17:03 | Queue | Scorpion |
| 18:17 | Queue | Scorpion |
| 18:30 | Build | Palisade Gate |
| 18:31 | Build | Palisade Wall |
| 18:32 | Build | Palisade Wall |
| 18:38 | Build | Palisade Gate |
| 19:26 | Queue | Villager (Male) |
| 19:26 | Queue | Villager (Male) |
| 19:39 | Build | Town Center |
| 19:44 | Queue | Villager (Male) |
| 19:44 | Queue | Villager (Male) |
| 20:07 | Queue | Villager (Male) |
| 20:07 | Queue | Villager (Male) |
| 20:19 | Research | Town Watch |
| 20:53 | Queue | Mangonel |
| 21:26 | Queue | Villager (Male) |
| 22:04 | Queue | Scorpion |
| 22:15 | Queue | Villager (Male) |
| 22:35 | Queue | Villager (Male) |
| 23:44 | Queue | Villager (Male) |
| 23:56 | Build | Town Center |
| 23:59 | Queue | Mangonel |
| 24:12 | Build | Mill |
| 24:17 | Build | Barracks |
| 25:25 | Queue | Villager (Male) |
| 25:25 | Queue | Villager (Male) |
| 25:47 | Build | Farm |
| 25:48 | Queue | Villager (Male) |
| 25:48 | Queue | Villager (Male) |
| 25:54 | Build | Farm |
| 26:42 | Queue | Villager (Male) |
| 26:42 | Queue | Villager (Male) |
| 27:50 | Queue | Villager (Male) |
| 28:44 | Queue | Mangonel |
| 30:05 | Queue | Mangonel |
| 31:31 | Build | Siege Workshop |
| 32:03 | Queue | Mangonel |
| 32:13 | Build | Farm |
| 32:15 | Build | Farm |
| 32:18 | Build | Farm |
| 33:30 | Queue | Villager (Male) |
| 33:31 | Queue | Villager (Male) |
| 33:37 | Queue | Mangonel |
| 33:37 | Queue | Mangonel |
| 33:46 | Build | Farm |
| 33:49 | Build | Farm |
| 35:59 | Build | Lumber Camp |
| 37:12 | Build | Stone Wall |
| 37:18 | Build | Stone Wall |
| 38:00 | Build | Market |
| 40:33 | Build | Town Center |
| 43:01 | Build | Farm |
| 43:03 | Build | Farm |
| 43:30 | Build | Farm |
| 43:46 | Queue | Villager (Male) |
| 43:52 | Build | House |
| 44:49 | Build | Mining Camp |
| 44:51 | Queue | Villager (Male) |
| 44:56 | Build | Farm |
| 44:58 | Build | Farm |
| 45:02 | Build | Farm |
| 45:08 | Build | Farm |
| 45:25 | Queue | Villager (Male) |
| 45:31 | Build | House |
| 45:40 | Build | House |
| 45:42 | Build | House |
| 45:51 | Queue | Villager (Male) |
| 45:51 | Queue | Villager (Male) |
| 46:13 | Queue | Villager (Male) |
| 46:13 | Queue | Villager (Male) |
| 46:29 | Queue | Villager (Male) |
| 46:29 | Queue | Villager (Male) |
| 46:37 | Build | Town Center |
| 46:51 | Queue | Villager (Male) |
| 47:19 | Queue | Villager (Male) |
| 47:30 | Queue | Villager (Male) |
| 47:44 | Queue | Villager (Male) |
| 47:57 | Build | Farm |
| 48:04 | Build | Farm |
| 48:11 | Queue | Villager (Male) |
| 48:12 | Queue | Villager (Male) |
Build order — Quando
First 150 of 444 actions detected
| 0:01 | Queue | Villager (Male) |
| 0:01 | Queue | Villager (Male) |
| 0:01 | Queue | Villager (Male) |
| 0:02 | Build | House |
| 0:04 | Build | House |
| 0:18 | Queue | Villager (Male) |
| 1:39 | Queue | Villager (Male) |
| 1:43 | Build | Lumber Camp |
| 2:06 | Queue | Villager (Male) |
| 2:17 | Queue | Villager (Male) |
| 2:52 | Queue | Villager (Male) |
| 3:19 | Queue | Villager (Male) |
| 3:20 | Queue | Villager (Male) |
| 3:37 | Build | House |
| 3:58 | Queue | Villager (Male) |
| 4:33 | Build | Dock |
| 4:38 | Queue | Villager (Male) |
| 5:01 | Queue | Villager (Male) |
| 5:01 | Queue | Villager (Male) |
| 5:08 | Build | House |
| 5:13 | Queue | Fishing Ship |
| 5:26 | Queue | Villager (Male) |
| 5:39 | Queue | Villager (Male) |
| 5:45 | Queue | Villager (Male) |
| 5:55 | Queue | Fishing Ship |
| 6:19 | Queue | Fishing Ship |
| 6:42 | Queue | Villager (Male) |
| 6:47 | Queue | Fishing Ship |
| 7:00 | Queue | Villager (Male) |
| 7:19 | Queue | Villager (Male) |
| 7:44 | Build | Mining Camp |
| 7:50 | Research | Loom |
| 8:24 | Research | Feudal Age |
| 8:34 | Build | Mill |
| 8:55 | Queue | Transport Ship |
| 8:59 | Build | House |
| 9:47 | Queue | Villager (Male) |
| 10:09 | Build | Palisade Wall |
| 10:14 | Build | Barracks |
| 10:15 | Queue | Villager (Male) |
| 10:34 | Age | Feudal Age |
| 10:38 | Research | Double-Bit Axe |
| 10:39 | Queue | Villager (Male) |
| 10:57 | Queue | Villager (Male) |
| 11:15 | Build | Archery Range |
| 11:30 | Build | House |
| 11:40 | Build | Archery Range |
| 11:52 | Build | House |
| 11:54 | Build | Palisade Wall |
| 11:57 | Build | Palisade Wall |
| 12:02 | Queue | Villager (Male) |
| 12:11 | Queue | Archer |
| 12:11 | Queue | Archer |
| 12:18 | Build | Blacksmith |
| 12:21 | Queue | Villager (Male) |
| 12:48 | Build | House |
| 12:51 | Queue | Villager (Male) |
| 13:01 | Queue | Archer |
| 13:01 | Queue | Archer |
| 13:12 | Queue | Archer |
| 13:18 | Research | Fletching |
| 13:26 | Queue | Villager (Male) |
| 13:32 | Queue | Spearman |
| 13:42 | Build | House |
| 13:43 | Build | House |
| 13:45 | Queue | Villager (Male) |
| 13:50 | Queue | Fishing Ship |
| 13:54 | Build | Dock |
| 13:57 | Build | Farm |
| 14:01 | Build | Farm |
| 14:03 | Queue | Villager (Male) |
| 14:07 | Build | Farm |
| 14:09 | Queue | Archer |
| 14:16 | Build | House |
| 14:17 | Build | Palisade Wall |
| 14:19 | Build | Palisade Wall |
| 14:28 | Queue | Archer |
| 14:34 | Queue | Villager (Male) |
| 14:47 | Queue | Archer |
| 14:48 | Queue | Archer |
| 14:49 | Queue | Villager (Male) |
| 14:55 | Build | House |
| 15:02 | Queue | Fishing Ship |
| 15:04 | Queue | Archer |
| 15:05 | Queue | Archer |
| 15:29 | Queue | Villager (Male) |
| 15:46 | Queue | Archer |
| 15:46 | Queue | Archer |
| 15:58 | Queue | Villager (Male) |
| 16:00 | Build | Farm |
| 16:01 | Build | Farm |
| 16:04 | Build | Farm |
| 16:05 | Build | Farm |
| 16:06 | Build | Farm |
| 16:31 | Research | Castle Age |
| 16:35 | Build | Lumber Camp |
| 16:49 | Build | Farm |
| 16:50 | Queue | Villager (Male) |
| 16:54 | Build | House |
| 16:56 | Build | Palisade Wall |
| 17:11 | Build | House |
| 17:33 | Queue | Archer |
| 17:33 | Queue | Archer |
| 17:40 | Queue | Galley |
| 17:49 | Build | House |
| 18:18 | Queue | Archer |
| 18:18 | Queue | Archer |
| 18:27 | Build | Stable |
| 18:36 | Build | Farm |
| 18:40 | Queue | Archer |
| 18:41 | Queue | Archer |
| 18:43 | Queue | Villager (Male) |
| 19:11 | Age | Castle Age |
| 19:21 | Research | Crossbowman (upgrade) |
| 19:34 | Research | Bodkin Arrow |
| 19:38 | Queue | Scout Cavalry |
| 19:38 | Queue | Scout Cavalry |
| 19:44 | Build | House |
| 19:44 | Queue | Villager (Male) |
| 19:51 | Build | Siege Workshop |
| 19:58 | Queue | Archer |
| 19:58 | Queue | Archer |
| 19:59 | Queue | Villager (Male) |
| 20:03 | Build | Town Center |
| 20:08 | Queue | Villager (Male) |
| 20:24 | Research | Padded Archer Armor |
| 20:46 | Queue | Archer |
| 20:46 | Queue | Archer |
| 20:50 | Queue | Villager (Male) |
| 20:53 | Build | University |
| 21:15 | Build | House |
| 21:26 | Queue | Mangonel |
| 21:29 | Queue | Archer |
| 21:29 | Queue | Archer |
| 21:37 | Queue | Villager (Male) |
| 21:37 | Queue | Villager (Male) |
| 21:38 | Queue | Villager (Male) |
| 22:03 | Queue | Knight |
| 22:05 | Queue | Villager (Male) |
| 22:06 | Queue | Villager (Male) |
| 22:24 | Queue | Villager (Male) |
| 22:24 | Queue | Villager (Male) |
| 22:26 | Queue | Archer |
| 22:26 | Queue | Archer |
| 22:30 | Build | Market |
| 22:43 | Queue | Archer |
| 22:43 | Queue | Archer |
| 22:54 | Build | House |
| 22:55 | Build | House |
| 22:58 | Build | Farm |
Match timeline
| 4:33 | Quando · first_building Dock |
| 4:49 | Foxkox · wall_segment Palisade Wall x1 |
| 4:51 | Foxkox · wall_segment Palisade Wall x5 |
| 4:52 | Foxkox · wall_segment Palisade Wall x1 |
| 4:53 | Foxkox · wall_segment Palisade Wall x1 |
| 4:54 | Foxkox · wall_segment Palisade Wall x1 |
| 4:55 | Foxkox · wall_segment Palisade Wall x1 |
| 5:35 | Relief · wall_segment Palisade Wall x7 |
| 5:40 | [GDL]Cucumber · wall_segment Palisade Wall x10 |
| 6:53 | Relief · wall_segment Palisade Wall x13 |
| 6:55 | Relief · wall_segment Palisade Wall x8 |
| 7:28 | [GDL]Cucumber · wall_segment Palisade Wall x1 |
| 7:29 | [GDL]Cucumber · wall_segment Palisade Wall x1 |
| 7:47 | PJtheDcoy · first_building Dock |
| 8:47 | Notevidius · first_building Barracks |
| 9:08 | Foxkox · first_building Barracks |
| 9:13 | Notevidius · age_up feudal |
| 9:15 | Gitan · first_building Barracks |
| 9:48 | Notevidius · wall_segment Stone Wall x9 |
| 9:54 | PJtheDcoy · wall_segment Palisade Wall x12 |
| 9:57 | Notevidius · first_building Stable |
| 9:58 | Gitan · wall_segment Palisade Wall x1 |
| 9:58 | Gitan · wall_segment Palisade Wall x1 |
| 10:00 | Gitan · wall_segment Palisade Wall x1 |
| 10:09 | Quando · wall_segment Palisade Wall x8 |
| 10:10 | [GDL]Cucumber · age_up feudal |
| 10:14 | Quando · first_building Barracks |
| 10:17 | Gitan · age_up feudal |
| 10:18 | Relief · wall_segment Palisade Wall x10 |
| 10:22 | Gitan · first_building Archery Range |
| 10:34 | Quando · age_up feudal |
| 10:38 | Relief · first_building Barracks |
| 10:45 | Foxkox · age_up feudal |
| 10:50 | Fr4ggi · first_building Barracks |
| 11:15 | Quando · first_building Archery Range |
| 11:37 | PJtheDcoy · age_up feudal |
| 11:41 | Fr4ggi · age_up feudal |
| 11:53 | Fr4ggi · first_building Stable |
| 11:54 | Quando · wall_segment Palisade Wall x1 |
| 11:57 | Quando · wall_segment Palisade Wall x11 |
| 12:00 | PJtheDcoy · first_building Barracks |
| 12:06 | Notevidius · wall_segment Stone Wall x1 |
| 12:23 | Relief · wall_segment Palisade Wall x4 |
| 12:36 | Gitan · wall_segment Palisade Wall x1 |
| 13:12 | Relief · age_up feudal |
| 13:17 | Relief · first_building Archery Range |
| 13:30 | Foxkox · wall_segment Stone Wall x1 |
| 13:31 | Foxkox · wall_segment Stone Wall x1 |
| 13:34 | Foxkox · wall_segment Stone Wall x1 |
| 13:34 | Foxkox · wall_segment Stone Wall x1 |
| 13:35 | Foxkox · wall_segment Stone Wall x1 |
| 13:35 | Foxkox · wall_segment Stone Wall x1 |
| 13:37 | Foxkox · wall_segment Stone Wall x1 |
| 13:38 | Foxkox · wall_segment Stone Wall x1 |
| 13:40 | Foxkox · wall_segment Stone Wall x1 |
| 13:40 | Foxkox · wall_segment Stone Wall x1 |
| 13:41 | Foxkox · wall_segment Stone Wall x1 |
| 13:42 | Foxkox · wall_segment Stone Wall x1 |
| 13:43 | Foxkox · wall_segment Stone Wall x1 |
| 13:47 | PJtheDcoy · first_building Archery Range |
| 13:57 | PJtheDcoy · wall_segment Palisade Wall x1 |
| 14:02 | PJtheDcoy · wall_segment Palisade Wall x1 |
| 14:07 | PJtheDcoy · wall_segment Palisade Wall x1 |
| 14:17 | Quando · wall_segment Palisade Wall x1 |
| 14:19 | Quando · wall_segment Palisade Wall x10 |
| 15:08 | Foxkox · age_up castle |
| 15:16 | PJtheDcoy · wall_segment Palisade Wall x2 |
| 15:16 | PJtheDcoy · wall_segment Palisade Wall x1 |
| 15:18 | PJtheDcoy · wall_segment Palisade Wall x2 |
| 15:19 | PJtheDcoy · wall_segment Palisade Wall x1 |
| 15:46 | Relief · wall_segment Palisade Wall x17 |
| 16:08 | Fr4ggi · age_up castle |
| 16:19 | [GDL]Cucumber · age_up castle |
| 16:28 | [GDL]Cucumber · first_building Siege Workshop |
| 16:41 | Relief · age_up castle |
| 16:56 | [GDL]Cucumber · first_market_sell 100 food |
| 16:56 | Quando · wall_segment Palisade Wall x1 |
| 16:56 | [GDL]Cucumber · first_market_buy 100 wood |
| 18:27 | Quando · first_building Stable |
| 18:31 | [GDL]Cucumber · wall_segment Palisade Wall x1 |
| 18:32 | [GDL]Cucumber · wall_segment Palisade Wall x1 |
| 19:11 | Quando · age_up castle |
| 19:51 | Quando · first_building Siege Workshop |
| 21:25 | Foxkox · first_building Siege Workshop |
| 22:49 | Gitan · wall_segment Stone Wall x3 |
| 23:10 | Gitan · age_up castle |
| 23:10 | Gitan · first_market_sell 100 wood |
| 23:53 | Notevidius · first_market_buy 100 food |
| 23:56 | Notevidius · first_market_sell 100 wood |
| 24:01 | Quando · first_market_sell 100 food |
| 24:17 | [GDL]Cucumber · first_building Barracks |
| 24:36 | Gitan · wall_segment Stone Wall x4 |
| 24:42 | Gitan · wall_segment Stone Wall x3 |
| 25:17 | Gitan · first_market_buy 100 wood |
| 25:21 | Gitan · first_building Siege Workshop |
| 26:39 | Notevidius · age_up castle |
| 27:19 | Fr4ggi · first_building Siege Workshop |
| 27:56 | Foxkox · first_building Castle |
| 28:01 | Foxkox · first_building Monastery |
| 28:34 | PJtheDcoy · age_up castle |
| 28:51 | Quando · first_building Castle |
| 29:54 | Foxkox · first_market_buy 100 stone |
| 32:47 | PJtheDcoy · wall_segment Stone Wall x1 |
| 32:48 | PJtheDcoy · wall_segment Stone Wall x1 |
| 32:51 | PJtheDcoy · wall_segment Stone Wall x1 |
| 32:53 | PJtheDcoy · wall_segment Stone Wall x1 |
| 33:00 | Relief · first_building Stable |
| 34:04 | Quando · age_up imperial |
| 35:47 | Gitan · age_up imperial |
| 36:10 | Notevidius · wall_segment Stone Wall x1 |
| 36:16 | Notevidius · wall_segment Stone Wall x2 |
| 36:18 | Gitan · tribute_sent a jugador 2 |
| 36:18 | Gitan · tribute_sent a jugador 3 |
| 36:18 | Gitan · tribute_sent a jugador 4 |
| 36:18 | Gitan · tribute_sent a jugador 5 |
| 36:18 | Gitan · tribute_sent a jugador 6 |
| 36:18 | Gitan · tribute_sent a jugador 7 |
| 36:18 | Gitan · tribute_sent a jugador 8 |
| 36:24 | Fr4ggi · age_up imperial |
| 36:44 | Foxkox · age_up imperial |
| 36:49 | Relief · first_building Monastery |
| 37:12 | [GDL]Cucumber · wall_segment Stone Wall x19 |
| 37:18 | [GDL]Cucumber · wall_segment Stone Wall x9 |
| 37:58 | Notevidius · first_building Monastery |
| 39:36 | Quando · tribute_sent a jugador 1 |
| 39:36 | Quando · tribute_sent a jugador 2 |
| 39:36 | Quando · tribute_sent a jugador 3 |
| 39:36 | Quando · tribute_sent a jugador 4 |
| 39:36 | Quando · tribute_sent a jugador 5 |
| 39:36 | Quando · tribute_sent a jugador 6 |
| 39:36 | Quando · tribute_sent a jugador 7 |
| 40:40 | Relief · first_building Castle |
| 40:44 | Quando · first_building Monastery |
| 41:20 | Quando · first_market_buy 100 stone |
| 41:26 | Notevidius · age_up imperial |
| 41:37 | Relief · age_up imperial |
| 43:01 | Fr4ggi · first_market_sell 500 wood |
| 45:26 | Fr4ggi · first_building Castle |
| 45:41 | Gitan · first_building Castle |
| 47:36 | PJtheDcoy · first_building Siege Workshop |
| 50:37 | Quando · wall_segment Stone Wall x12 |
| 51:45 | Foxkox · first_building Archery Range |
| 52:06 | PJtheDcoy · age_up imperial |
| 52:23 | Quando · wall_segment Stone Wall x17 |
| 53:04 | Relief · first_building Siege Workshop |
| 53:20 | Notevidius · resign |
[ AI ANALYSIS · 1 CREDIT ]
What really happened in this match?
Wolo.gg analyzes every decision: build order, eco, micro, common mistakes by bracket. Personalized analysis on WhatsApp or Discord in 30 seconds.
Civ guide
Dravidians
Perfil
Jugador #2141671